 Dungeon Crawl Stone Soup version 0.31.0-11-ge490571c62 (webtiles) character file.

Game seed: 8762523003777651937

4454 qw the Markself (level 10, -1/56 HPs)
             Began as a Deep Elf Hunter on Feb 4, 2024.
             Was an Elder of Okawaru.
             Slain by Erica
             ... wielding a +2 scimitar of flaming
              (6 damage)
             ... on level 9 of the Dungeon.
             The game lasted 00:01:31 (7201 turns).

qw the Markself (Deep Elf Hunter)                   Turns: 7201, Time: 00:01:32

Health: -1/56      AC: 12    Str: 12    XL:     10   Next: 15%
Magic:  15/15      EV: 12    Int: 15    God:    Okawaru [****..]
Gold:   512        SH:  0    Dex: 24    Spells: 9/9 levels left

rFire   . . .        u - +2 orcbow (heavy)
rCold   . . .        (shield currently unavailable)
rNeg    . . .        d - +0 ring mail
rPois   +            (no helmet)
rElec   .            o - +0 cloak
rCorr   .            j - +2 pair of gloves
SInv    .            c - +2 pair of boots
Will    +....        z - amulet of faith
Stlth   ++           i - ring of poison resistance
HPRegen 0.29/turn    k - +6 ring of dexterity
MPRegen 0.14/turn

%: faith
@: constricted
A: mutation resistance 1
a: Renounce Religion, Heroism, Finesse


You were on level 9 of the Dungeon.
You worshipped Okawaru.
Okawaru was greatly pleased with you.
You visited 2 branches of the dungeon, and saw 10 of its levels.

You collected 512 gold pieces.


Innate Abilities, Weirdness & Mutations

You are somewhat resistant to further mutation.


   Skills:
 - Level 4.1 Fighting
 + Level 15.8 Ranged Weapons
 - Level 2.3 Armour
 - Level 7.0 Dodging
 - Level 1.2 Stealth
 + Level 4.7 Invocations


You had 9 spell levels left.
You didn't know any spells.
Your spell library was empty.

Inventory:

Hand Weapons
 u - a +2 heavy orcbow (weapon)
Armour
 c - a +2 pair of boots (worn)
 d - a +0 ring mail (worn)
 j - a +2 pair of gloves (worn)
 o - a +0 cloak (worn)
 x - a +0 robe of fire resistance
Jewellery
 i - a ring of poison resistance (left hand)
 k - a +6 ring of dexterity (right hand)
 r - a ring of resist corrosion
 z - an amulet of faith (around neck)
Wands
 m - a wand of acid (5)
 q - a wand of roots (13)
 y - a wand of paralysis (5)
Scrolls
 a - a scroll of brand weapon
 e - a scroll of teleportation
Potions
 b - 5 potions of enlightenment
 f - 3 potions of heal wounds
 g - 2 potions of mutation
 h - 3 potions of curing
 l - 2 potions of cancellation
 n - a potion of haste {unknown}
 p - a potion of degeneration {unknown}
 s - a potion of resistance
 t - 2 potions of brilliance {unknown}
 v - a potion of lignification {unknown}
 w - a potion of might {unknown}

Dungeon Overview and Level Annotations

Branches:
Dungeon (9/15)             Temple (1/1) D:6
   Lair: D:8-11         Orc: D:9-12

Altars:
Ashenzari
Cheibriados
Dithmenos
Fedhas
Gozag
Hepliaklqana
Kikubaaqudgha
Makhleb
Nemelex Xobeh
Okawaru
Qazlal
Ru
Sif Muna
Trog
Uskayaw
Vehumet
Wu Jian
Xom
Yredelemnul
Zin
The Shining One

Shops:
D:5 *

Annotations:
D:5 1 runed translucent door, Crazy Yiuf
D:9 Erica


Message History

Enter note:
Enter note:
Enter note:
Enter note:
Enter note: You see here a +0 hand axe.
l - 2 potions of cancellation (gained 1)
You see here a +0 mace.
Found a stone staircase leading up.
Enter note:
Enter note:
Enter note:
Enter note:
Enter note:
Enter note:
Enter note:
Enter note:
Found 4 stones.
You now have 512 gold pieces (gained 9).
Erica the Fiery-Tempered comes into view.
She is wielding a +2 scimitar of flaming.
Erica shouts!
Erica casts a spell.
Erica flickers and vanishes!
Deactivating autopickup; reactivate with Ctrl-A.
You shoot an arrow.
You hear a shout! x2
You shoot an arrow. You shoot an arrow. You shoot an arrow. Something hits you!
Something burns you. Something grabs you.
You are constricted.
You shoot an arrow. Something hits you. Something burns you.
You are constricted.
You shoot an arrow. Something hits you but does no damage.
You are constricted.
You shoot an arrow. Something hits you!! Something burns you!
You are constricted.
You shoot an arrow. Something hits you.
You die...

######### ######## #.......
###########.######
#######.........#.######
......{.................
.######@........#.######
...................#.#
...#######.........#.######
...........................
...........................
##.............(...........
...........................
#.........................
#.........................


There were no monsters in sight!

Vanquished Creatures
  Pikel (D:7)
  5 yaks (D:9)
  2 steam dragons
  A water moccasin (D:5)
  An acid dragon (D:7)
  An orc warrior (D:6)
  A sky beast (D:7)
  An ice beast (D:7)
  4 centaurs
  An ogre (D:5)
  2 phantoms
  2 lemures (D:7)
  A kobold brigand (D:8)
  2 bullfrogs
  A gnoll sergeant (D:8)
  2 scorpions
  5 wights (D:9)
  9 killer bees
  4 howler monkeys
  A bombardier beetle (D:5)
  7 orc priests
  A hound (D:5)
  7 orc wizards
  Ijyb (D:4)
  2 iguanas (D:6)
  7 gnolls
  3 adders
  A shadow imp (D:7)
  2 white imps (D:7)
  4 ufetubi
  3 dart slugs
  21 orcs
  9 ball pythons
  3 bats
  4 endoplasms
  4 giant cockroaches
  8 goblins
  3 hobgoblins
  9 jackals
  16 kobolds
  3 quokkas
  A frilled lizard (D:3)
  6 rats
172 creatures vanquished.

Notes
Turn   | Place    | Note
-------+----------+-------------------------------------------
     0 | D:1      | qw the Deep Elf Hunter began the quest for the Orb.
     0 | D:1      | Reached XP level 1. HP: 12/12 MP: 3/3
     0 | D:1      | 0 ||| qw: Version: 0.3-a-160-g6735b56
     0 | D:1      | 0 ||| qw: Game counter: 5709
     0 | D:1      | 0 ||| qw: Melee chars always use a shield: true
     0 | D:1      | 0 ||| qw: God list: Okawaru
     0 | D:1      | 0 ||| qw: Allow faded altars: false
     0 | D:1      | 0 ||| qw: Do Orc after clearing Dungeon:15 true
     0 | D:1      | 0 ||| qw: Do second Lair branch before Depths: true
     0 | D:1      | 0 ||| qw: Lair rune preference: random
     0 | D:1      | 0 ||| qw: Goals: Normal
     0 | D:1      | 0 ||| PLANNING D:1-11
    93 | D:1      | Reached XP level 2. HP: 13/16 MP: 4/4
   130 | D:1      | Reached skill level 6 in Ranged Weapons
   271 | D:1      | Reached XP level 3. HP: 17/20 MP: 5/5
   517 | D:1      | 517 ||| UPGRADING to +0 ring mail.
   527 | D:1      | 527 ||| DROPPING +0 leather armour.
   528 | D:1      | 528 ||| DROPPING amulet of magic regeneration.
   529 | D:1      | 529 ||| READING 2 scrolls labelled YLALUW PEBE.
   534 | D:1      | 534 ||| READING scroll labelled BARHUT UFYIWYO.
   535 | D:1      | 535 ||| DROPPING scroll of butterflies.
   537 | D:1      | 537 ||| Stepping ~*~*~tactically~*~*~ (cloud).
   541 | D:1      | HP: 4/20 [poisoned by you (poison gas)]
   545 | D:1      | HP: 1/20 [poisoned by you (poison gas)]
   719 | D:2      | Found a basalt altar of Yredelemnul.
   804 | D:2      | Reached skill level 7 in Ranged Weapons
  1148 | D:2      | 1148 ||| UPGRADING to +0 pair of gloves.
  1153 | D:2      | 1153 ||| UPGRADING to ring of poison resistance.
  1154 | D:2      | 1154 ||| UPGRADING to +6 ring of dexterity.
  1155 | D:2      | 1155 ||| READING scroll labelled SOATAL YQEHO.
  1155 | D:2      | 1155 ||| ENCHANTING +0 shortbow.
  1156 | D:2      | 1156 ||| READING 2 scrolls labelled OXKEPOMN VOWN.
  1257 | D:2      | 1257 ||| READING scroll labelled DOHUDE WILUHOI.
  1257 | D:2      | 1257 ||| IDENTIFYING metallic purple potion
  1258 | D:2      | 1258 ||| DRINKING 2 sapphire potions.
  1259 | D:2      | 1259 ||| DROPPING scroll of vulnerability.
  1423 | D:3      | Reached XP level 4. HP: 24/25 MP: 6/6
  1545 | D:3      | Found a faded altar of an unknown god.
  1678 | D:3      | 1678 ||| FLEEEEING.
  1679 | D:3      | 1679 ||| FLEEEEING.
  1680 | D:3      | 1680 ||| FLEEEEING.
  1681 | D:3      | 1681 ||| FLEEEEING.
  1682 | D:3      | 1682 ||| FLEEEEING.
  1683 | D:3      | 1683 ||| FLEEEEING.
  1684 | D:3      | 1684 ||| FLEEEEING.
  1685 | D:3      | 1685 ||| FLEEEEING.
  1686 | D:3      | 1686 ||| FLEEEEING.
  1687 | D:3      | 1687 ||| FLEEEEING.
  1688 | D:3      | 1688 ||| FLEEEEING.
  1689 | D:3      | 1689 ||| FLEEEEING.
  2068 | D:3      | Found a sacrificial altar of Ru.
  2119 | D:3      | 2119 ||| UPGRADING to +2 pair of boots.
  2124 | D:3      | 2124 ||| UPGRADING to +0 cloak.
  2129 | D:3      | 2129 ||| READING scroll labelled LOEFEI VOB YKK.
  2130 | D:3      | 2130 ||| READING scroll labelled KAWULU QOREPHOJ.
  2130 | D:3      | 2130 ||| ENCHANTING +0 pair of gloves.
  2131 | D:3      | 2131 ||| DRINKING 3 orange potions.
  2132 | D:3      | 2132 ||| DRINKING 2 fizzy ruby potions.
  2132 | D:3      | Gained mutation: You are somewhat resistant to further
                  | mutation. [potion of mutation]
  2199 | D:4      | 2199 ||| READING scroll of enchant weapon.
  2199 | D:4      | 2199 ||| ENCHANTING +1 shortbow.
  2283 | D:4      | Reached skill level 8 in Ranged Weapons
  2293 | D:4      | Reached skill level 3 in Dodging
  2293 | D:4      | Reached XP level 5. HP: 12/29 MP: 7/7
  2452 | D:4      | Reached skill level 1 in Armour
  2589 | D:4      | 2589 ||| FLEEEEING.
  2590 | D:4      | 2590 ||| FLEEEEING.
  2741 | D:4      | Noticed Ijyb
  2749 | D:4      | Killed Ijyb
  2809 | D:4      | Reached skill level 9 in Ranged Weapons
  2809 | D:4      | Reached XP level 6. HP: 34/34 MP: 8/8
  2917 | D:4      | 2917 ||| DROPPING scarf of harm.
  2942 | D:5      | Entered Level 5 of the Dungeon
  2942 | D:5      | Found an opulent altar of Gozag.
  2942 | D:5      | Found Gozag's Platinum Reserve.
  2945 | D:5      | Noticed a water moccasin
  2951 | D:5      | Killed a water moccasin
  2965 | D:5      | Reached XP level 7. HP: 40/40 MP: 9/9
  2969 | D:5      | 2969 ||| SHOPLISTING +2 pair of boots of Anarchy {rElec rC-
                  | Will- Int+9} (3620 gold, have 202).
  2969 | D:5      | 2969 ||| SHOPLISTING +3 leather armour of the Solstice {rN+
                  | Regen+} (2820 gold, have 202).
  2969 | D:5      | 2969 ||| SHOPLISTING ring "Nyifesun" {Fly rC+ rN++ Str+6
                  | Int-2} (5840 gold, have 202).
  3082 | D:5      | Reached skill level 10 in Ranged Weapons
  3447 | D:5      | Found a runed translucent door.
  3448 | D:5      | Noticed Crazy Yiuf
  3565 | D:5      | Reached skill level 11 in Ranged Weapons
  3587 | D:5      | 3587 ||| READING scroll of enchant armour.
  3587 | D:5      | 3587 ||| ENCHANTING +1 pair of gloves.
  3663 | D:5      | Found a shimmering blue altar of Sif Muna.
  3812 | D:5      | 3812 ||| READING scroll labelled MUTAST SUASOMP.
  3813 | D:5      | 3813 ||| READING scroll labelled EGYNNIMYIN.
  3814 | D:5      | 3814 ||| DRINKING 2 fuming black potions.
  3832 | D:6      | Found a staircase to the Ecumenical Temple.
  3833 | D:6      | 3833 ||| PLANNING TEMPLE
  3839 | Temple   | Entered the Ecumenical Temple
  3840 | Temple   | 3840 ||| PLANNING OKAWARU WORSHIP
  3848 | Temple   | Became a worshipper of Warmaster Okawaru
  3849 | Temple   | 3849 ||| PLANNING D:1-11
  4054 | D:6      | 4054 ||| RETREEEEATING.
  4057 | D:6      | Reached XP level 8. HP: 45/45 MP: 10/10
  4067 | D:6      | Reached skill level 12 in Ranged Weapons
  4068 | D:6      | 4068 ||| FLEEEEING.
  4069 | D:6      | 4069 ||| FLEEEEING.
  4070 | D:6      | 4070 ||| FLEEEEING.
  4071 | D:6      | 4071 ||| FLEEEEING.
  4073 | D:6      | 4073 ||| FLEEEEING.
  4074 | D:6      | 4074 ||| FLEEEEING.
  4075 | D:6      | 4075 ||| FLEEEEING.
  4076 | D:6      | 4076 ||| FLEEEEING.
  4077 | D:6      | 4077 ||| FLEEEEING.
  4078 | D:6      | 4078 ||| FLEEEEING.
  4079 | D:6      | 4079 ||| FLEEEEING.
  4080 | D:6      | 4080 ||| FLEEEEING.
  4081 | D:6      | 4081 ||| FLEEEEING.
  4082 | D:6      | 4082 ||| FLEEEEING.
  4083 | D:6      | 4083 ||| FLEEEEING.
  4084 | D:6      | 4084 ||| FLEEEEING.
  4085 | D:6      | 4085 ||| FLEEEEING.
  4086 | D:6      | 4086 ||| FLEEEEING.
  4088 | D:6      | 4088 ||| FLEEEEING.
  4160 | D:6      | Found a hazy altar of Hepliaklqana.
  4161 | D:6      | Found a shimmering altar of Xom.
  4162 | D:6      | Noticed a spectral ugly thing
  4162 | D:6      | Noticed a will-o-the-wisp
  4193 | D:6      | Reached * piety under Okawaru
  4194 | D:6      | Reached skill level 3 in Fighting
  4202 | D:6      | 4202 ||| SWAPPING to +0 orcbow.
  4203 | D:6      | 4203 ||| DROPPING +2 shortbow.
  4240 | D:6      | 4240 ||| Stepping ~*~*~tactically~*~*~ (cloud).
  4249 | D:6      | Reached skill level 1 in Invocations
  4740 | D:6      | 4740 ||| READING scroll labelled KUDODO JAROATE.
  4740 | D:6      | 4740 ||| BRANDING +0 orcbow.
  4821 | D:7      | Noticed Pikel
  4822 | D:7      | 4822 ||| RETREEEEATING.
  4824 | D:7      | 4824 ||| RETREEEEATING.
  4825 | D:7      | 4825 ||| RETREEEEATING.
  4827 | D:7      | 4827 ||| RETREEEEATING.
  4828 | D:7      | 4828 ||| INVOKING Heroism.
  4836 | D:7      | Killed Pikel
  4837 | D:7      | Reached skill level 13 in Ranged Weapons
  4837 | D:7      | Reached XP level 9. HP: 43/51 MP: 10/14
  5247 | D:7      | 5247 ||| READING scroll of enchant weapon.
  5247 | D:7      | 5247 ||| ENCHANTING +0 heavy orcbow.
  5742 | D:7      | 5742 ||| UPGRADING to amulet of faith.
  5747 | D:7      | 5747 ||| READING scroll of identify.
  5747 | D:7      | 5747 ||| IDENTIFYING pink potion
  5748 | D:7      | 5748 ||| DROPPING potion of ambrosia.
  5749 | D:7      | 5749 ||| DROPPING wand of flame (15).
  5825 | D:8      | 5825 ||| RETREEEEATING.
  5828 | D:8      | 5828 ||| RETREEEEATING.
  5829 | D:8      | Reached ** piety under Okawaru
  5835 | D:8      | Reached skill level 14 in Ranged Weapons
  6030 | D:8      | Reached skill level 6 in Dodging
  6130 | D:8      | 6130 ||| RETREEEEATING.
  6244 | D:8      | Found a burning altar of Makhleb.
  6488 | D:8      | 6488 ||| READING scroll of enchant weapon.
  6488 | D:8      | 6488 ||| ENCHANTING +1 heavy orcbow.
  6512 | D:8      | Identified the +7 short sword "Irhij" {speed, rElec rPois
                  | Int-5}
  6650 | D:8      | 6650 ||| DROPPING ring of wizardry.
  6651 | D:8      | 6651 ||| READING scroll of identify.
  6651 | D:8      | 6651 ||| IDENTIFYING fizzy brown potion
  6652 | D:8      | 6652 ||| READING scroll labelled AXURAA DISO.
  6694 | D:9      | 6694 ||| RETREEEEATING.
  6696 | D:9      | 6696 ||| RETREEEEATING.
  6941 | D:9      | Reached *** piety under Okawaru
  6942 | D:9      | Reached skill level 15 in Ranged Weapons
  6952 | D:9      | 6952 ||| RETREEEEATING.
  6961 | D:9      | Reached XP level 10. HP: 47/56 MP: 15/15
  7024 | D:9      | Reached **** piety under Okawaru
  7193 | D:9      | Noticed Erica
  7200 | D:9      | HP: 14/56 [something (18)]
  7200 | D:9      | HP: 5/56 [something (9)]
  7201 | D:9      | Slain by Erica

Levels and vault maps discovered:
D:1:      wheals_arrival_shading, layout_basic, minmay_tetromino_o4
D:2:      layout_loops_ring, basic_altar
D:3:      layout_loops_ring, nicolae_ru_the_path_less_chosen,
          shapermc_ecumenical_altar_flowoftime, chequers_serial_rivers_small_3,
          mrwooster_statue_mirror, lexackson_kobold_supper
D:4:      layout_gridville, st_stairs_8, hangedman_abyss_or_decor_stagger,
          uniq_ijyb
D:5:      layout_gridville, hellmonk_sif_muna_bookshelves,
          nicolae_gozag_zags_fifth_avenue, uniq_crazy_yiuf_cottage
D:6:      layout_loops_ring, regret_index_temple_of_mockery,
          minmay_temple_entry_trees
D:7:      layout_loops_corners, enter_bailey_3, columned_hall_lemuel, uniq_pikel
D:8:      layout_gridville, lightli_temple_of_fire
D:9:      layout_basic, elyvilon_altar_3, chequers_big_river, uniq_erica
Temple:   hellmonk_temple_of_storms

Skill      XL: |  1  2  3  4  5  6  7  8  9 |
---------------+----------------------------+-----
Ranged Weapons | 6 7 8 9 11 13 15 | 15.8
Dodging        | 3 4 5 7 |  7.0
Armour         | 1 2 |  2.3
Fighting       | 2 3 4 |  4.1
Invocations    | 4 |  4.7
Stealth        | |  1.2

Action                     |  1- 3 |  4- 6 |  7- 9 | 10-12 || total
---------------------------+-------+-------+-------+-------++-------
   Fire: Shortbow          |   106 |   119 |   114 |       ||   339
         Orcbow            |       |       |   142 |    27 ||   169
 Invoke: Heroism           |       |       |     1 |       ||     1
    Use: Scroll            |     5 |     3 |     9 |       ||    17
         Potion            |     1 |     2 |     1 |       ||     4
 Armour: Leather armour    |     5 |       |       |       ||     5
         Ring mail         |    17 |    25 |    81 |    10 ||   133
  Dodge: Dodged            |    27 |    24 |    86 |     4 ||   141

Table legend:
 A = Non-vault XP
 B = Vault XP
 C = Vault XP percentage of total XP
 D = Non-vault monster count
 E = Vault monster count
 F = Vault count percentage of total count
                 A         B        C        D         E       F
            +---------+---------+-------+---------+---------+-------
      Total |    5598 |     766 |  12.0 |     153 |      17 |  10.0
            +---------+---------+-------+---------+---------+-------
        D:1 |      41 |       5 |  10.9 |      25 |       2 |   7.4
        D:2 |      44 |       0 |   0.0 |      13 |       0 |   0.0
        D:3 |      38 |      11 |  22.4 |      12 |       8 |  40.0
        D:4 |     274 |      37 |  11.9 |      10 |       2 |  16.7
        D:5 |     829 |       0 |   0.0 |      21 |       0 |   0.0
        D:6 |     833 |       0 |   0.0 |      13 |       0 |   0.0
        D:7 |     467 |     713 |  60.4 |      12 |       5 |  29.4
        D:8 |    1078 |       0 |   0.0 |      26 |       0 |   0.0
        D:9 |    1994 |       0 |   0.0 |      21 |       0 |   0.0
            +---------+---------+-------+---------+---------+-------
